 Dungeon Crawl Stone Soup version 0.22.0-32-gbc6daba (webtiles) character file.

30769 Nilihum the Grappler (level 13, 0/135 HPs)
             Began as a Troll Fighter on Aug 23, 2018.
             Was the Champion of Okawaru.
             Slain by an eight-headed hydra (4 damage)
             ... on level 6 of the Lair of Beasts.
             The game lasted 00:35:39 (13435 turns).

Nilihum the Grappler (Troll Fighter)               Turns: 13435, Time: 00:35:40

Health: 0/135      AC:  6    Str: 27    XL:     13   Next: 22%
Magic:  0/18       EV:  1    Int:  4    God:    Okawaru [******]
Gold:   806        SH:  0    Dex: 13    Spells: 12/12 levels left

rFire    . . .     SeeInvis .     - Unarmed
rCold    . . .     Gourm    +   b - +3 shield
rNeg     + + +     Faith    .   L - +1 robe {rN+}
rPois    ∞         Spirit   +   (helmet restricted)
rElec    .         Reflect  .   P - scarf {Spirit}
rCorr    .         Harm     .   (gloves unavailable)
MR       +....                  (boots unavailable)
Stlth    +.........             (no amulet)
HPRegen  0.72/turn              p - ring of poison resistance {rPois, !d}
MPRegen  0.16/turn              s - ring of protection from magic {MR+, !d}

@: petrified
A: large, unfitting armour, claws 3, fast metabolism 3, gourmand, regeneration
1, shaggy fur 1, tough skin 2
a: Heroism, Finesse, Renounce Religion


You were on level 6 of the Lair of Beasts.
You worshipped Okawaru.
Okawaru was exalted by your worship.
You were very full.

You visited 3 branches of the dungeon, and saw 15 of its levels.

You collected 806 gold pieces.

Inventory:

Hand Weapons
 i - a +3 dagger of electrocution
   (You took it off a goblin on level 1 of the Dungeon)
 A - the +8 whip "Snakebite" {curare, rPois}
   (You found it on level 5 of the Lair of Beasts)

   It poisons the flesh of those it strikes.
   It protects you from poison.
 J - a cursed +0 flail
   (You found it on level 4 of the Lair of Beasts)
Missiles
 n - a throwing net {=f, !d}
Armour
 a - a +0 robe
 b - a +3 shield (worn)
 k - a scarf of repulsion
   (You found it on level 3 of the Dungeon)
 m - a +0 cloak
   (You found it on level 2 of the Dungeon)
 K - a +0 robe of positive energy
   (You took it off a spriggan on level 2 of the Lair of Beasts)
 L - a +1 robe of positive energy (worn)
   (Okawaru gifted it to you on level 3 of the Lair of Beasts)
 P - a scarf of spirit shield (worn)
   (Okawaru gifted it to you on level 5 of the Lair of Beasts)
Jewellery
 f - an uncursed ring of fire {rF+, rC-}
   (You found it on level 1 of the Dungeon)
 g - a +4 ring of evasion
   (You found it on level 1 of the Dungeon)
 p - a ring of poison resistance (left claw) {rPois, !d}
   (You found it on level 1 of the Lair of Beasts)
 q - an uncursed ring of wizardry {Wiz+, !d}
   (You found it on level 8 of the Dungeon)
 s - a ring of protection from magic (right claw) {MR+, !d}
   (You found it on level 1 of the Lair of Beasts)
 M - an uncursed amulet of guardian spirit {unknown}
   (You found it on level 4 of the Lair of Beasts)
Wands
 x - a wand of flame (47)
   (You found it on level 6 of the Dungeon)
 y - a wand of digging (10)
   (You took it off an orc on level 6 of the Dungeon)
 E - a wand of enslavement (10)
   (You found it on level 8 of the Dungeon)
 G - a wand of random effects (62)
   (You found it on level 2 of the Lair of Beasts)
 N - a wand of iceblast (10)
   (You found it on level 4 of the Lair of Beasts)
Scrolls
 e - a scroll of fear
 o - 11 scrolls of identify
 v - 7 scrolls of remove curse
 w - a scroll of enchant armour
 C - a scroll of holy word {!r}
 D - a scroll of enchant weapon
 F - 3 scrolls of amnesia
Potions
 c - 3 potions of might
 h - a potion of agility
 j - 2 potions of curing
 l - 2 potions of flight
 r - 2 potions of heal wounds
 t - 3 potions of brilliance
 u - a potion of lignification {!q}
 z - 2 potions of cancellation
 I - a potion of degeneration {!q}
Comestibles
 d - 30 rations
 B - 10 chunks of flesh {@w0}


   Skills:
 + Level 10.4 Fighting
 - Level 5.0 Dodging
 - Level 9.0 Shields
 + Level 11.9 Unarmed Combat
 - Level 8.0 Invocations
 + Level 4.3 Evocations


You had 12 spell levels left.
You didn't know any spells.
Your spell library contained the following spells:

 Spells                   Type           Power        Failure   Level  Hunger
 Animate Skeleton         Necr           N/A          50%         1    ##.....
 Freeze                   Ice            #...         50%         1    ##.....
 Pain                     Necr           #...         50%         1    ##.....
 Throw Frost              Conj/Ice       #.....       65%         2    ###....
 Ozocubu's Armour         Chrm/Ice       #.......     86%         3    ####...
 Regeneration             Chrm/Necr      #.........   86%         3    ####...
 Vampiric Draining        Necr           #.........   86%         3    ####...
 Animate Dead             Necr           N/A          99%         4    #####..
 Summon Ice Beast         Ice/Summ       #.......     99%         4    #####..
 Throw Icicle             Conj/Ice       #.......     99%         4    #####..
 Irradiate                Conj/Tmut      #.........   100%        5    ######.
 Hydra Form               Tmut           #.........   100%        6    #######
 Statue Form              Tmut/Erth      #........    100%        6    #######
 Dragon Form              Tmut           #.........   100%        7    #######


Dungeon Overview and Level Annotations

Branches:
Dungeon (8/15)             Temple (1/1) D:7            Lair (6/6) D:8
  Swamp (0/4) Lair:4       Spider (0/4) Lair:2        Slime (0/5) Lair:5

Altars:
Ashenzari
Cheibriados
Dithmenos
Elyvilon
Fedhas
Gozag
Hepliaklqana
Makhleb
Nemelex Xobeh
Okawaru
Qazlal
Sif Muna
Trog
Uskayaw
Vehumet
Wu Jian
Xom
Yredelemnul
Zin
The Shining One

Shops:
D:5 ?

Annotations:
Lair:3 2 transporters, Qiuf's ghost, journeyman TrWz
Lair:5 exclusion: 2 oklob plants


Innate Abilities, Weirdness & Mutations

You are too large for most types of armour.
You have claws for hands.
Your metabolism is lightning-fast.
You like to eat raw meat.
Your natural rate of healing is unusually fast.
You are covered in fur. (AC +1)
You have very tough skin. (AC +2)


Message History

You mangle the blink frog!!
You kill the blink frog!
Okawaru accepts your kill.
No target in view!
No target in view!
You see here a blink frog corpse.
You butcher the blink frog corpse.
B - 14 chunks of flesh {@w0} (gained 3)
You see here a blink frog skeleton.
Health restored: 135
B - 20 chunks of flesh {@w0} (gained 6)
You see here a crocodile skeleton.
There isn't anything to butcher here.
Some of the chunks of flesh in your inventory have rotted away.
A crocodile comes into view.
The crocodile bites you.
You take 1 damage, and have 134/135 hp.
You now have 17/18 mp.
You scratch the crocodile. You block the crocodile's attack.
You mangle the crocodile!! The crocodile closely misses you.
Health restored: 135 You scratch the crocodile.
The crocodile bites you.
You take 4 damage, and have 131/135 hp.
You mangle the crocodile!!
You kill the crocodile!
Okawaru accepts your kill.
A basilisk comes into view.
You enter the shallow water.
Moving in this stuff is going to be slow.
A water moccasin and a hydra come into view.
The water moccasin hisses angrily.
The eight-headed hydra roars!
A hippogriff comes into view.
You block the basilisk's attack.
The hippogriff screeches!
You scratch the basilisk but do no damage.
The basilisk gazes at you. You resist with almost no effort.
The basilisk gazes at you. You resist with almost no effort.
MP restored: 18 Health restored: 135 A crocodile comes into view.
Something bites the plant but does no damage.
Some of the chunks of flesh in your inventory have rotted away.
The basilisk gazes at you.
You are slowing down.
A water moccasin comes into view.
The water moccasin barely misses you.
Your limbs are stiffening.
The water moccasin hisses angrily.
The water moccasin closely misses you.
You have turned to stone.
The water moccasin bites you.
The eight-headed hydra bites you but does no damage. x2
The eight-headed hydra bites you!
The eight-headed hydra bites you but does no damage.
The eight-headed hydra bites you. x3; The eight-headed hydra bites you!
The water moccasin bites you but does no damage.
The eight-headed hydra bites you.
The eight-headed hydra bites you but does no damage.
The eight-headed hydra bites you! x2
The eight-headed hydra bites you but does no damage.
The eight-headed hydra barely misses you. x2
The eight-headed hydra bites you!
The water moccasin bites you but does no damage. x2
The water moccasin bites you but does no damage.
The eight-headed hydra bites you! The eight-headed hydra bites you.
The eight-headed hydra completely misses you.
The eight-headed hydra bites you! The eight-headed hydra bites you.
The eight-headed hydra bites you! x2
The eight-headed hydra bites you but does no damage.
The water moccasin bites you. x2
The water moccasin bites you. The eight-headed hydra bites you.
The eight-headed hydra bites you! The eight-headed hydra bites you.
The eight-headed hydra bites you! x2; The eight-headed hydra bites you.
The eight-headed hydra bites you! x2; The water moccasin bites you. x2
The water moccasin bites you. The eight-headed hydra bites you! x2
* * * LOW HITPOINT WARNING * * *
The eight-headed hydra bites you.
* * * LOW HITPOINT WARNING * * *
The eight-headed hydra bites you!
* * * LOW HITPOINT WARNING * * *
The eight-headed hydra bites you!
* * * LOW HITPOINT WARNING * * *
The eight-headed hydra bites you. The eight-headed hydra bites you!
* * * LOW HITPOINT WARNING * * *
The eight-headed hydra bites you!
* * * LOW HITPOINT WARNING * * *
The water moccasin bites you!
* * * LOW HITPOINT WARNING * * *
The water moccasin bites you.
* * * LOW HITPOINT WARNING * * *
The water moccasin bites you.
* * * LOW HITPOINT WARNING * * *
The eight-headed hydra bites you. The eight-headed hydra bites you!
* * * LOW HITPOINT WARNING * * *
The eight-headed hydra bites you.
* * * LOW HITPOINT WARNING * * *
The eight-headed hydra bites you!
* * * LOW HITPOINT WARNING * * *
The eight-headed hydra bites you!
You die...

,,,,,,,,<,,...............,,,,,,,
,,,,,,,,,.....$..$........,,,,,,,
,,,,,,,,,...............##,,*,,**
,,,,,,,,,,...............#.,,***
,,,,,,,,,,,.................,* *
,**,,,**,,,*#.P..........#...# *
*,***********#........#...#..# *
*** ##..S....#......# **
#..@SH÷........#* *,
##..D..........###**
#..tl...........###
#).................
###...............[..
#.#..................
##........#..#≈Pt.≈..
##.......##.≈≈P≈≈≈P.
##.......P###≈≈≈P≈≈≈


You could see an eight-headed hydra, a hippogriff, a basilisk, 2 water moccasins
and a crocodile.

Vanquished Creatures
  A catoblepas (Lair:5)
  3 hydras
  A death yak (Lair:5)
  Urug (Lair:5)
  An orb spider (Lair:2)
  4 black mambas
  6 elephants
  A torpor snail (Lair:5)
  A rime drake (Lair:2)
  4 spiny frogs
  8 komodo dragons
  7 hippogriffs
  4 dream sheep
  11 blink frogs
  A slime creature (Lair:5)
  5 spriggans (Lair:2)
  A wyvern (Lair:2)
  Eustachio (D:5)
  28 yaks
  A basilisk (Lair:3)
  A human (D:7)
  3 hogs (D:7)
  3 wargs (D:8)
  2 insubstantial wisps (Lair:4)
  12 water moccasins
  9 porcupines
  2 ice beasts (D:5)
  2 orc warriors
  3 sky beasts
  A black bear (D:8)
  4 ogres
  A centaur (D:7)
  22 wolves
  13 crocodiles
  10 bullfrogs
  4 scorpions
  4 killer bees (D:8)
  An electric eel (Lair:3)
  A howler monkey (D:8)
  2 crimson imps
  A bullfrog zombie (D:8)
  A centaur zombie (D:6)
  4 jellies
  2 hounds
  13 orc wizards
  11 orc priests
  Natasha (thrice) (D:4)
  9 iguanas
  7 worker ants
  6 gnolls
  17 adders
  2 shadow imps
  2 oozes
  A worm (D:2)
  An adder zombie (D:5)
  A dart slug (D:6)
  5 leopard geckos
  30 orcs
  2 giant cockroaches
  8 hobgoblins
  10 jackals
  11 kobolds
  7 quokkas
  5 ball pythons (D:3)
  7 bats
  9 frilled lizards
  6 goblins
  A quokka zombie (D:6)
  8 rats
380 creatures vanquished.

Vanquished Creatures (others)
  10 fungi
  7 plants
17 creatures vanquished.

Grand Total: 397 creatures vanquished

Notes
Turn   | Place    | Note
-------+----------+-------------------------------------------
     0 | D:1      | Nilihum the Troll Fighter began the quest for the Orb.
     0 | D:1      | Reached XP level 1. HP: 22/22 MP: 0/0
   257 | D:1      | Reached XP level 2. HP: 29/29 MP: 1/1
   931 | D:2      | Reached XP level 3. HP: 32/36 MP: 2/2
  1170 | D:2      | Reached XP level 4. HP: 44/44 MP: 3/3
  1172 | D:2      | Reached skill level 3 in Fighting
  1172 | D:2      | Reached skill level 3 in Shields
  1181 | D:2      | Reached skill level 3 in Dodging
  1483 | D:2      | Reached skill level 3 in Unarmed Combat
  1510 | D:3      | Reached XP level 5. HP: 53/53 MP: 4/4
  2394 | D:4      | Noticed Natasha
  2405 | D:4      | Reached XP level 6. HP: 50/61 MP: 5/5
  2413 | D:4      | Killed Natasha
  2442 | D:4      | Noticed Natasha
  2453 | D:4      | Killed Natasha
  2755 | D:4      | Noticed Natasha
  2767 | D:4      | Killed Natasha
  2767 | D:4      | Reached skill level 4 in Unarmed Combat
  2906 | D:5      | Entered Level 5 of the Dungeon
  3034 | D:5      | Reached skill level 4 in Dodging
  3034 | D:5      | Reached skill level 4 in Shields
  3034 | D:5      | Reached XP level 7. HP: 68/68 MP: 6/6
  3044 | D:5      | Reached skill level 4 in Fighting
  3269 | D:5      | Found Nyiwkar's Magic Scroll Shop.
  3378 | D:5      | Noticed Eustachio
  3390 | D:5      | Killed Eustachio
  3390 | D:5      | Reached XP level 8. HP: 67/79 MP: 7/7
  3417 | D:5      | Reached skill level 5 in Unarmed Combat
  3644 | D:6      | Reached skill level 5 in Fighting
  3644 | D:6      | Reached skill level 5 in Dodging
  3644 | D:6      | Reached skill level 5 in Shields
  3779 | D:6      | Found a stormy altar of Qazlal.
  3820 | D:6      | Reached skill level 6 in Unarmed Combat
  4146 | D:7      | Found a blossoming altar of Fedhas.
  4146 | D:7      | Found an opulent altar of Gozag.
  4146 | D:7      | Found a glowing silver altar of Zin.
  4149 | D:7      | Found a white marble altar of Elyvilon.
  4150 | D:7      | Found a sparkling altar of Nemelex Xobeh.
  4213 | D:7      | Reached XP level 9. HP: 66/88 MP: 8/8
  4303 | D:7      | Reached skill level 6 in Fighting
  4303 | D:7      | Reached skill level 6 in Shields
  4360 | D:7      | Reached skill level 7 in Unarmed Combat
  4534 | D:7      | Found a staircase to the Ecumenical Temple.
  4543 | Temple   | Entered the Ecumenical Temple
  4946 | D:7      | Found a bloodstained altar of Trog.
  5011 | D:7      | Found an iron altar of Okawaru.
  5019 | D:7      | Became a worshipper of Warmaster Okawaru
  5125 | D:8      | Found a radiant altar of Vehumet.
  5158 | D:8      | Found a snail-covered altar of Cheibriados.
  5442 | D:8      | Reached skill level 7 in Shields
  5525 | D:8      | Reached skill level 1 in Invocations
  5551 | D:8      | Found a hazy altar of Hepliaklqana.
  5552 | D:8      | Found a shimmering altar of Xom.
  5553 | D:8      | Noticed a spectral ugly thing
  5588 | D:8      | Reached XP level 10. HP: 99/100 MP: 9/9
  5600 | D:8      | Reached * piety under Okawaru
  5892 | D:8      | Reached skill level 8 in Unarmed Combat
  5931 | D:8      | Reached skill level 7 in Fighting
  6041 | D:8      | Found a staircase to the Lair.
  6168 | Lair:1   | Entered Level 1 of the Lair of Beasts
  6168 | Lair:1   | Noticed a spiny frog
  6173 | Lair:1   | Killed a spiny frog
  6173 | Lair:1   | Reached skill level 2 in Invocations
  6336 | Lair:1   | Reached ** piety under Okawaru
  6921 | Lair:2   | Reached skill level 8 in Shields
  6944 | Lair:1   | Reached skill level 3 in Invocations
  7305 | Lair:2   | Reached *** piety under Okawaru
  7374 | Lair:2   | Found a hole to the Spider Nest.
  7374 | Lair:2   | Noticed an orb spider
  7388 | Lair:2   | Killed an orb spider
  7438 | Lair:2   | Reached XP level 11. HP: 96/110 MP: 12/12
  7503 | Lair:2   | Reached **** piety under Okawaru
  7545 | Lair:2   | Reached skill level 9 in Unarmed Combat
  7573 | Lair:2   | Reached skill level 4 in Invocations
  7597 | Lair:2   | HP: 26/111 [black mamba (10)]
  7598 | Lair:2   | HP: 11/111 [komodo dragon (16)]
  7606 | Lair:2   | HP: 27/111 [poisoned by a black mamba]
  7611 | Lair:2   | HP: 24/111 [poisoned by a black mamba]
  7616 | Lair:2   | HP: 23/111 [poisoned by a black mamba]
  7621 | Lair:2   | HP: 23/111 [poisoned by a black mamba]
  7628 | Lair:2   | HP: 25/111 [poisoned by a black mamba]
  7635 | Lair:2   | HP: 27/111 [poisoned by a black mamba]
  7835 | Lair:2   | Reached skill level 9 in Shields
  7845 | Lair:2   | HP: 27/111 [spriggan/rapier (10)]
  7848 | Lair:2   | Reached skill level 8 in Fighting
  8270 | Lair:3   | Noticed a four-headed hydra
  8270 | Lair:3   | Noticed Qiuf's ghost (journeyman TrWz)
  8271 | Lair:3   | Found a transporter.
  8282 | Lair:3   | Found a transporter.
  8496 | Lair:3   | Reached ***** piety under Okawaru
  8514 | Lair:3   | Reached skill level 5 in Invocations
  8692 | Lair:3   | HP: 26/113 [blink frog (16)]
  8697 | Lair:3   | HP: 17/113 [blink frog (12)]
  9134 | Lair:3   | Reached skill level 10 in Unarmed Combat
  9191 | Lair:3   | Reached skill level 6 in Invocations
  9351 | Lair:3   | Received a gift from Okawaru
  9405 | Lair:3   | Reached skill level 9 in Fighting
  9945 | Lair:4   | Found a shimmering altar of Xom.
 10015 | Lair:4   | Reached XP level 12. HP: 116/123 MP: 15/15
 10023 | Lair:4   | Found a staircase to the Swamp.
 10261 | Lair:4   | You fall through a shaft!
 10264 | Lair:5   | Noticed Urug
 10860 | Lair:5   | Reached skill level 1 in Evocations
 11210 | Lair:5   | Reached skill level 7 in Invocations
 11269 | Lair:5   | Noticed a catoblepas
 11296 | Lair:5   | HP: 29/124 [catoblepas (30)]
 11297 | Lair:5   | Killed a catoblepas
 11301 | Lair:5   | HP: 26/124 [blink frog (6)]
 11304 | Lair:5   | HP: 8/124 [blink frog (19)]
 11309 | Lair:5   | Reached skill level 2 in Evocations
 11572 | Lair:5   | Killed Urug
 11572 | Lair:5   | Reached skill level 11 in Unarmed Combat
 11901 | Lair:5   | Found a staircase to the Slime Pits.
 11904 | Lair:5   | Noticed a four-headed hydra
 11918 | Lair:5   | Killed a four-headed hydra
 11918 | Lair:5   | Reached ****** piety under Okawaru
 11918 | Lair:5   | Received a gift from Okawaru
 12157 | Lair:5   | Noticed a four-headed hydra
 12158 | Lair:5   | Noticed a death yak
 12219 | Lair:5   | Killed a five-headed hydra
 12219 | Lair:5   | Reached skill level 3 in Evocations
 12223 | Lair:5   | Killed a death yak
 12223 | Lair:5   | Reached skill level 10 in Fighting
 12511 | Lair:5   | Reached skill level 8 in Invocations
 12584 | Lair:5   | Found the +8 whip "Snakebite" {curare, rPois}
 12763 | Lair:6   | Entered Level 6 of the Lair of Beasts
 12798 | Lair:6   | Reached XP level 13. HP: 84/133 MP: 11/18
 13112 | Lair:5   | Reached skill level 4 in Evocations
 13434 | Lair:6   | HP: 33/135 [eight-headed hydra (4)]
 13435 | Lair:6   | HP: 15/135 [water moccasin (2)]
 13435 | Lair:6   | HP: 4/135 [eight-headed hydra (4)]
 13435 | Lair:6   | Slain by an eight-headed hydra

Skill      XL: |  1  2  3  4  5  6  7  8  9 10 11 12 13 |
---------------+----------------------------------------+-----
Fighting       | 3 4 5 6 7 9 10 | 10.4
Shields        | 3 4 5 7 8 9 |  9.0
Dodging        | 3 4 5 |  5.0
Unarmed Combat | 3 4 6 7 8 10 11 | 11.9
Invocations    | 1 3 6 8 |  8.0
Evocations     | 3 4 |  4.3

Action                   |  1- 3 |  4- 6 |  7- 9 | 10-12 | 13-15 || total
-------------------------+-------+-------+-------+-------+-------++-------
Melee: Unarmed           |   134 |   195 |   380 |   719 |   100 ||  1528
Invok: Finesse           |       |       |       |     1 |       ||     1
       Heroism           |       |       |       |     1 |       ||     1
Evoke: Wand              |       |       |       |    15 |     6 ||    21
  Use: Scroll            |     3 |     9 |     3 |     9 |     1 ||    25
       Potion            |       |     1 |       |     4 |       ||     5
 Stab: Sleeping          |       |     1 |     1 |     1 |       ||     3
       Petrified         |       |       |       |     2 |       ||     2
  Eat: Chunk             |    16 |    18 |    24 |    64 |     7 ||   129
Armor: Robe              |    41 |    29 |    36 |    68 |    14 ||   188
Dodge: Dodged            |    57 |    75 |   140 |   232 |    30 ||   534
       Deflected         |       |       |     1 |       |       ||     1
Block: Shield            |    75 |    79 |   222 |   477 |    81 ||   934

Vault maps used:
D:1:      dpeg_arrival_three_same_balls, minivault_27
D:3:      minmay_snake_closets
D:4:      cheibrodos_old_hovel, serial_bayou_lagoon_a, uniq_natasha
D:5:      first_ration, serial_shops, shop_scrolls, uniq_eustachio
D:6:      kennysheep_mini_moat
D:7:      minitemple, marbit_many_paths, temple_statues, grunt_livestock,
          nrook_loot_triangle, trog_butcher_becter
D:8:      regret_index_temple_of_mockery, vehumet_crystals, kennysheep_mini,
          erik_lair_orcish_takeover
Temple:   jpeg_temple_island
Lair:2:   kb_forest_paths, nicolae_spider_entry_orb_guardian
Lair:3:   beast_lair_carwin_large_1, gammafunk_ghost_arena,
          infiniplex_staircase_pool
Lair:4:   minmay_swamp_entry_wisps, basic_altar
Lair:5:   minmay_guarded_unrand_snakebite, minmay_slime_entry_pillars,
          hangedman_lair_generics_rect, minmay_lair_oklob_chamber,
          infiniplex_staircase_pool_2, uniq_urug
Lair:6:   evilmike_catoblepas_cave, serial_bayou_shore_a

Table legend:
 A = Turns spent in this place as a percentage of turns spent in the entire game.
 B = Non-inter-level travel turns spent in this place as a percentage of non-inter-level travel turns spent in the entire game.
 C = Inter-level travel turns spent in this place as a percentage of turns spent in this place.
 D = Turns resting spent in this place as a percentage of non-inter-level travel turns spent in this place.
 E = Turns spent auto-exploring this place as a percentage of non-inter-level travel turns spent in this place.
 F = Non-inter-level travel turns spent in this place divided by the number of levels of this place that you've seen.
                   A       B       C       D       E      F
               +-------+-------+-------+-------+-------+----------------------
         Total | 100.0 | 100.0 |   3.6 |  20.5 |  49.9 | 863.6
       Dungeon |  44.2 |  44.5 |   2.8 |  10.8 |  58.5 | 720.6
        Temple |   1.8 |   1.6 |  11.4 |   0.0 |  96.2 | 209.0
          Lair |  54.1 |  53.9 |   3.9 |  29.1 |  41.5 | 1163.3
               +-------+-------+-------+-------+-------+----------------------

Table legend:
 A = Kills in this place as a percentage of kills in entire the game.
 B = Kills by you in this place as a percentage of kills by you in the entire game.
 C = Kills by friends in this place as a percentage of kills by friends in the entire game.
 D = Other kills in this place as a percentage of other kills in the entire game.
 E = Experience gained in this place as a percentage of experience gained in the entire game.
 F = Experience gained in this place divided by the number of levels of this place that you have seen.
                   A       B       C       D       E      F
               +-------+-------+-------+-------+-------+----------------------
         Total | 100.0 | 100.0 |   N/A |   N/A | 100.0 | 2930.5
       Dungeon |  56.6 |  56.6 |   N/A |   N/A |  15.1 | 829.2
          Lair |  43.4 |  43.4 |   N/A |   N/A |  84.9 | 6220.5
               +-------+-------+-------+-------+-------+----------------------
